 Dungeon Crawl Stone Soup version 0.28.0-53-g5a82cb258f (webtiles) character file.

Game seed: 5435835641125197653

407 jamesp the Poker (level 6, -2/48 HPs)
             Began as a Merfolk Gladiator on July 29, 2022.
             Was an Initiate of Hepliaklqana.
             Slain by Sigmund
             ... wielding a +0 scythe
              (8 damage)
             ... on level 3 of the Dungeon.
             The game lasted 00:13:05 (4235 turns).

jamesp the Poker (Merfolk Gladiator)                Turns: 4235, Time: 00:13:06

Health: -2/48      AC:  4    Str: 17    XL:     6   Next: 88%
Magic:  6/6        EV: 14    Int:  7    God:    Hepliaklqana [......]
Gold:   229        SH:  0    Dex: 15    Spells: 5/5 levels left

rFire   . . .      SeeInvis .   a - +0 trident
rCold   . . .      Faith    .   (no shield)
rNeg    . . .      Spirit   .   b - +0 leather armour
rPois   .          Reflect  .   c - +0 helmet
rElec   .          Harm     .   (no cloak)
rCorr   .          Rampage  .   (no gloves)
Will    .....                   (no boots)
Stlth   +.........              (no amulet)
HPRegen 0.16/turn               (no ring)
MPRegen 0.10/turn               (no ring)

@: no status effects
A: (nimble swimmer 2), mertail
a: Renounce Religion


You were on level 3 of the Dungeon.
You worshipped Hepliaklqana.
Hepliaklqana was noncommittal.
You visited 1 branch of the dungeon, and saw 4 of its levels.
You also visited: Sewer.

You collected 229 gold pieces.

Inventory:

Hand Weapons
 a - a +0 trident (weapon)
Missiles
 d - a throwing net
 g - 112 stones (quivered)
 o - 6 poisoned darts
 p - 37 arrows
 q - 5 sling bullets
 u - 5 boomerangs
Armour
 b - a +0 leather armour (worn)
 c - a +0 helmet (worn)
 h - an orb of wrath
 w - a +0 cloak
Wands
 n - a wand of polymorph (8)
Scrolls
 e - 5 scrolls of identify {unknown}
 f - a scroll of summoning {unknown}
 j - a scroll of vulnerability {unknown}
 k - 2 scrolls of amnesia {unknown}
 r - a scroll of noise {unknown}
 s - a scroll of immolation {unknown}
 t - a scroll of torment {unknown}
 y - a scroll of fog {unknown}
 A - 2 scrolls of teleportation {unknown}
Potions
 i - 3 potions of curing {unknown}
 l - a potion of flight {unknown}
 m - 2 potions of might {unknown}
 v - a potion of degeneration {unknown}
 x - a potion of ambrosia {unknown}
 z - a potion of berserk rage {unknown}
 B - 2 potions of brilliance {unknown}


   Skills:
 + Level 4.3 Fighting
 + Level 6.5 Polearms
 + Level 3.8 Throwing
 + Level 6.0 Dodging


You had 5 spell levels left.
You didn't know any spells.
Your spell library contained the following spells:

 Spells                   Type           Power      Damage    Failure   Level
 Animate Skeleton         Necr           0%         N/A       50%         1
 Apportation              Tloc           0%         N/A       50%         1
 Foxfire                  Conj/Fire      0%         2x1d4     50%         1
 Summon Small Mammal      Summ           0%         N/A       50%         1
 Corpse Rot               Necr/Air       0%         N/A       65%         2
 Conjure Flame            Conj/Fire      0%         6-21      86%         3
 Inner Flame              Hex/Fire       0%         N/A       86%         3
 Dispel Undead            Necr           0%         3d6       99%         4
 Flame Wave               Conj/Fire      0%         2d4       99%         4
 Death Channel            Necr           0%         N/A       100%        6
 Dispersal                Tloc           0%         N/A       100%        6
 Disjunction              Tloc           0%         N/A       100%        8


Dungeon Overview and Level Annotations

Branches:
Dungeon (4/15)              Sewer (visited)
 Temple: D:4-7

Altars:
Hepliaklqana

Annotations:
D:3 Sigmund


Innate Abilities, Weirdness & Mutations

((You are very nimble when in or above water. (Stealth+, EV+, Speed+++)))
Your lower body shifts to a powerful aquatic tail in water.


Message History

HP restored.
You see here a rat skeleton.
The orc shouts!
You hear a shout!
An orc comes into view. It is wielding a +0 club.
Your legs become a tail as you enter the water.
The orc throws a boomerang.
The boomerang completely misses you.
You puncture the orc!
You kill the orc!
You hear a splash. x3
You puncture the orc!
You kill the orc!
You hear a splash. x2
u - 5 boomerangs (gained 2)
Items here: )) [[ ††.
Okay, then.
The orc shouts!
Found an escape hatch in the floor.
Found a stone staircase leading up.
A scorpion comes into view.
The orc misses you.
There is an escape hatch in the ceiling here.
The orc hits you but does no damage. A mysterious force pulls you upwards.
The hatch slams shut behind you.
Sigmund shouts!
Sigmund mumbles some strange words.
Sigmund flickers and vanishes!
Deactivating autopickup; reactivate with Ctrl-A.
You barely miss the orc. The orc barely misses you. Something hits you!
You puncture the orc!
You kill the orc!
Something hits you!
You see here a +0 whip.
You hit something. Something hits you.
You hit something. Something hits you!
You miss something.
The giant cockroach waves its antennae.
You barely miss something. Something hits you!
* * * LOW HITPOINT WARNING * * *
You puncture something! Your punch misses something. You barely miss something.
Something hits you!
You die...

.##.......## #.# #.# #
.........## #.# #.# #
.....#.### ... #.# #
######.# #.# #.# # # #
### #.# # # #.# #
####### # #.# #####
......## #.#####.#####
#.... ^####..#
#....@{B..... #.###
(...#..##############.##
#.# ....#.....# #.#
....#.###.# #.# _.....#
#.# #.# ....#.# #.# #.#
....#.###.#### #.#
....#..##....## #.#
#####..#...#..# #.#


You could see a giant cockroach.

Vanquished Creatures
  A necrophage (D:4)
  An ogre (D:3)
  A bullfrog skeleton (D:2)
  An orc wizard (D:4)
  5 adders
  2 river rats
  A white imp (D:4)
  2 worms (D:2)
  2 dart slugs
  4 orcs
  12 endoplasms
  5 giant cockroaches
  8 goblins
  7 hobgoblins
  A quokka (D:3)
  13 ball pythons
  6 bats
  9 frilled lizards
  11 kobolds
  13 rats
105 creatures vanquished.

Notes
Turn   | Place    | Note
-------+----------+-------------------------------------------
     0 | D:1      | jamesp the Merfolk Gladiator began the quest for the Orb.
     0 | D:1      | Reached XP level 1. HP: 16/16 MP: 1/1
   259 | D:1      | Reached XP level 2. HP: 23/23 MP: 2/2
   441 | D:1      | Found a faded altar of an unknown god.
   657 | D:1      | Reached XP level 3. HP: 28/28 MP: 3/3
   980 | D:2      | Reached skill level 5 in Polearms
  1057 | D:2      | Reached XP level 4. HP: 23/35 MP: 4/4
  2706 | D:3      | Reached skill level 5 in Dodging
  2746 | D:3      | Found a hazy altar of Hepliaklqana.
  2971 | D:3      | Reached XP level 5. HP: 41/41 MP: 5/5
  3081 | D:3      | Noticed an ogre
  3090 | D:3      | Killed an ogre
  3170 | D:3      | Became a worshipper of Hepliaklqana the Forgotten
  3199 | D:4      | Noticed a necrophage
  3219 | D:4      | Noticed an ogre
  3439 | D:4      | Reached XP level 6. HP: 28/48 MP: 6/6
  3571 | D:4      | Killed a necrophage
  3659 | D:4      | Found a glowing drain.
  3664 | Sewer    | Entered a sewer
  4226 | D:3      | Noticed Sigmund
  4235 | D:3      | Slain by Sigmund

Illustrated notes

Levels and vault maps discovered:
D:1:      dpeg_arrival_lava_altar, layout_basic,
          chequers_ecumenical_altar_twisty
D:2:      minmay_alternating_diamond, layout_basic, minmay_increasing_density
D:3:      layout_loops_ring, lemuel_tele_altar, uniq_sigmund
D:4:      layout_loops_ring, gup_sewer_entry_spiral, uniq_grinder

Skill      XL: |  1  2  3  4  5  6 |
---------------+-------------------+-----
Polearms       | 5 6 |  6.5
Fighting       | 3 4 |  4.3
Dodging        | 5 6 |  6.0
Throwing       | 3 |  3.8

Action                   |  1- 3 |  4- 6 || total
-------------------------+-------+-------++-------
Melee: Trident           |    80 |   246 ||   326
       Punch             |       |     2 ||     2
       Tailslap          |       |     3 ||     3
Throw: Stone             |     4 |     8 ||    12
       Throwing net      |       |     2 ||     2
 Stab: Sleeping          |       |     6 ||     6
       Held in net/web   |       |     1 ||     1
Armor: Leather armour    |    16 |    41 ||    57
Dodge: Dodged            |    30 |   141 ||   171
